 Dungeon Crawl Stone Soup version 0.31-a0-771-g505c3d19dc (webtiles) character file.

Game seed: 16158883559388676328

79 cforsyth the Sneak (level 4, -1/37 HPs)
             Began as a Djinni Delver on Sept 16, 2023.
             Slain by a killer bee zombie (2 damage)
             ... on level 5 of the Dungeon.
             The game lasted 00:01:05 (404 turns).

cforsyth the Sneak (Djinni Delver)                   Turns: 404, Time: 00:01:06

Health: -1/37      AC:  3    Str: 11    XL:     4   Next: 64%
Gold:   0          EV: 12    Int: 13    God:
                   SH:  0    Dex: 15

rFire   + + .        a - +0 falchion
rCold   x . .        (no shield)
rNeg    . . .        b - +0 leather armour
rPois   ∞            (no helmet)
rElec   .            (no cloak)
rCorr   .            (no gloves)
SInv    .            (boots unavailable)
Will    .....        (no amulet)
Stlth   ++           (no ring)
HPRegen 0.26/turn    (no ring)
MPRegen 0.00/turn

%: infuse magic (-2 HP)
@: flying
A: sickness immunity, fire resistance 2, cold vulnerability 1, float, innate
caster, HP casting, extra vitality 1
a: no special abilities


You were on level 5 of the Dungeon.
You visited 1 branch of the dungeon, and saw 1 of its levels.

Inventory:

Hand Weapons
 a - a +0 falchion (weapon)
Armour
 b - a +0 leather armour (worn)
Wands
 g - a wand of digging (3)
Scrolls
 c - a scroll of fog
 d - a scroll of revelation
 i - a scroll of silence {unknown}
Potions
 f - a potion of haste


   Skills:
 + Level 4.1 Fighting
 - Level 1.7 Long Blades
 - Level 2.1 Dodging
 - Level 4.1 Stealth
 + Level 1.8 Spellcasting
 + Level 1.8 Conjurations
 + Level 1.8 Hexes
   Level 0.0 Charms
 + Level 1.8 Summonings
 + Level 1.8 Necromancy
 + Level 1.8 Translocations
 + Level 1.8 Transmutations
 + Level 1.8 Fire Magic
 + Level 1.8 Ice Magic
 + Level 1.8 Air Magic
 + Level 1.8 Earth Magic
 + Level 1.8 Poison Magic


You knew the following spells:

 Your Spells              Type           Power      Damage    Failure   Level
a - Sting                 Tmut/Pois      24%        1d4       16%         1
Your spell library was empty.

Dungeon Overview and Level Annotations

Branches:
Dungeon (5/15)
 Temple: D:4-7

Altars:


Innate Abilities, Weirdness & Mutations

You are immune to sickness and miasma.
You are immune to poison.
Your flesh is very heat resistant. (rF++)
You are vulnerable to cold. (rC-)
You float through the air rather than walking.
You learn spells naturally, not from books.
Your magical power is your life essence.
You have superior vitality. (+4 MHP)


Message History

Found 5 stones.
You see here 5 stones.
A killer bee zombie comes into view.
A wyvern zombie comes into view.
The killer bee zombie misses you. The killer bee zombie hits you!
You slash the killer bee zombie!
The killer bee zombie is moderately damaged.
The killer bee zombie hits you.
A water moccasin zombie comes into view.
The killer bee zombie hits you.
You hit the killer bee zombie.
The killer bee zombie is heavily damaged.
The killer bee zombie closely misses you.
The killer bee zombie hits you but does no damage.
The wyvern zombie barely misses you.
You closely miss the killer bee zombie.
The killer bee zombie is heavily damaged.
The killer bee zombie hits you. The wyvern zombie barely misses you.
The killer bee zombie hits you but does no damage.
The wyvern zombie bites you!
* * * LOW HITPOINT WARNING * * *
The killer bee zombie barely misses you.
You are too injured to fight recklessly!
You are too injured to fight recklessly!
You are too injured to fight recklessly!
You closely miss the killer bee zombie.
The killer bee zombie is heavily damaged.
The killer bee zombie misses you. x2
You hit the killer bee zombie.
The killer bee zombie is severely damaged.
The killer bee zombie hits you but does no damage.
The killer bee zombie hits you.
* * * LOW HITPOINT WARNING * * *
The killer bee zombie closely misses you.
You closely miss the killer bee zombie.
The killer bee zombie is severely damaged.
The killer bee zombie hits you.
* * * LOW HITPOINT WARNING * * *
The killer bee zombie hits you.
You die...

. .... .♣..#
♣♣.♣..# ♣.♣...#
♣♣.♣..# ♣.....#
♣..Z# #Z#
#@####.#
#######......#
#.......#########
#.#####(# #.....#
#.# #.###.###.#
#.##.#
#.......#.#
#.##.#
#####.#.#.#
#.##.# #.....#
#.##.######
###.###


You could see a wyvern zombie and a killer bee zombie.

Vanquished Creatures
  A howler monkey (D:5)
  A hound (D:5)
  An ufetubus (D:5)
  3 orcs (D:5)
6 creatures vanquished.

Notes
Turn   | Place    | Note
-------+----------+-------------------------------------------
     0 | D:5      | cforsyth the Djinni Delver began the quest for the Orb.
     0 | D:5      | Reached XP level 1. HP: 20/20 MP: 0/0
    54 | D:5      | Noticed an iguana
    54 | D:5      | Noticed a howler monkey
    79 | D:5      | Killed a howler monkey
    80 | D:5      | Reached skill level 1 in Spellcasting
    80 | D:5      | Reached skill level 1 in Conjurations
    80 | D:5      | Reached skill level 1 in Hexes
    80 | D:5      | Reached skill level 1 in Summonings
    80 | D:5      | Reached skill level 1 in Necromancy
    80 | D:5      | Reached skill level 1 in Translocations
    80 | D:5      | Reached skill level 1 in Transmutations
    80 | D:5      | Reached skill level 1 in Fire Magic
    80 | D:5      | Reached skill level 1 in Ice Magic
    80 | D:5      | Reached skill level 1 in Air Magic
    80 | D:5      | Reached skill level 1 in Earth Magic
    80 | D:5      | Reached skill level 1 in Poison Magic
    80 | D:5      | Reached XP level 2. HP: 14/26 MP: 0/0
    80 | D:5      | Reached XP level 3. HP: 16/31 MP: 0/0
    80 | D:5      | Learned a level 1 spell: Sting
   172 | D:5      | Reached XP level 4. HP: 33/37 MP: 0/0
   404 | D:5      | HP: 1/37 [killer bee zombie (5)]
   404 | D:5      | Slain by a killer bee zombie

Illustrated notes

Levels and vault maps discovered:
D:5:      due_chaos_kobolds, layout_loops_ring, dreamdust_divine_triumvirate,
          nicolae_yredelemnul_corpse_copse, nemelex_diamond_rough_becter,
          chequers_serial_rivers_micro_a, corexii_leaking_fountain, uniq_pikel,
          uniq_eustachio, uniq_ijyb

Skill      XL: |  1  2  3 |
---------------+----------+-----
Spellcasting   | 1 |  1.8
Conjurations   | 1 |  1.8
Hexes          | 1 |  1.8
Summonings     | 1 |  1.8
Necromancy     | 1 |  1.8
Translocations | 1 |  1.8
Transmutations | 1 |  1.8
Fire Magic     | 1 |  1.8
Ice Magic      | 1 |  1.8
Air Magic      | 1 |  1.8
Earth Magic    | 1 |  1.8
Poison Magic   | 1 |  1.8
Fighting       | 4 |  4.1
Long Blades    | |  1.7
Dodging        | |  2.1
Stealth        | |  4.1

Action                     |  1- 3 |  4- 6 || total
---------------------------+-------+-------++-------
  Melee: Falchion          |    13 |    30 ||    43
   Cast: Sting             |     1 |     4 ||     5
    Use: Scroll            |       |     1 ||     1
         Potion            |       |     1 ||     1
 Armour: Leather armour    |    11 |    37 ||    48
  Dodge: Dodged            |     9 |    24 ||    33

Table legend: (Time is in decaauts)
 A = Elapsed time spent in this place.
 B = Non-inter-level travel time spent in this place.
 C = Inter-level travel time spent in this place.
 D = Time resting spent in this place.
 E = Time spent auto-exploring this place.
 F = Levels seen in this place.
 G = Mean time per level.
                   A        B        C        D        E       F      G
               +--------+--------+--------+--------+--------+-----+--------+
         Total |    413 |    413 |      0 |     98 |    181 |   1 |  413.0 |
       Dungeon |    413 |    413 |      0 |     98 |    181 |   1 |  413.0 |
               +--------+--------+--------+--------+--------+-----+--------+

Top non-repeatable levels by time:
     D:5: 413 daAuts
